cohdb
Replays
Latest Replays
All Replays
Popular Replays
Top Player Replays
Match Explorer
How It Works
Community
CoH3 Stats
Reddit
Sign in to upload your games and track your stats! →
Sign in with Steam
Match 39518189
Unlisted
Match 39518189
Overview
Messages
Build Orders
End
Construct Infanterie Kompanie
Pioneer Squad
MG 42 Machine Gun Team
GrW 34 Mortar Team
Selects Terror Battlegroup
Selects Terror Battlegroup
Selects Machine Gun Camouflage
Grenadier Squad
Construct Panzergrenadier Kompanie
251 Medium Carrier
Panzergrenadier Squad
251 Medium Carrier
Panzergrenadier Squad
Selects Contempt for the Weak
Support Elements
Panzergrenadier Officer Quarters
Pak 40 Anti-tank Gun Team
Selects Jericho Trumpet
Jericho Trumpet
Nebelwerfer 42 Rocket Launcher Team
Nebelwerfer 42 Rocket Launcher Team
Jericho Trumpet
Construct Panzer Kompanie
Kanade
Roberto
Bert1e
猫凪紗
Rasvak
this profile name wasn't taken
ElakeFisk
HJT95
0
0
Comments
sign in to comment!
No comments posted yet!